AoeStats
← Tretri

Arabia

509692510Analyzed
2v2 RM · 6d ago on Sep 27, 2026· 28m 47s· 4 players
Game mode
Random Map
Map size
Medium (4 player)
Population
200
Speed
Normal
Resources
Standard
Victory
Conquest
Starting age
Dark Age
Ending age
Imperial Age
RankedLock teamsTeams togetherTeam positionsShared explorationLock speedFull tech treeHidden civsTurbo modeCheats
Victory
Defeat
🇦🇷 Jurchens · Argentina
1388
+12
🇦🇷 Wei · Argentina
1317
+15
🇷🇺 Vietnamese · Russia
1356
-16
🇺🇦 Berbers · Ukraine
1235
-11
Tretri
7:52 Loom
10:18 Feudal Age
10:56 Double-Bit Axe
10:52 Horse Collar
21:27 Castle Age
21:48 Bloodlines
21:45 Scale Barding Armor
22:10 Husbandry
24:13 Chain Barding Armor
Darksays
8:04 Loom
10:24 Feudal Age
13:59 Double-Bit Axe
14:16 Horse Collar
16:24 Fletching
24:13 Castle Age
23:35 Scale Mail Armor
23:34 Gold Mining
25:11 Bow Saw
24:22 Pikeman
24:28 Crossbowman
25:06 Bodkin Arrow
25:17 Heavy Plow
TeWs
6:39 Loom
9:00 Feudal Age
11:54 Horse Collar
12:53 Double-Bit Axe
18:31 Wheelbarrow
21:01 Castle Age
21:37 Gold Mining
22:03 Scale Barding Armor
22:09 Forging
22:24 Bow Saw
23:53 Bloodlines
24:44 Iron Casting
24:17 Husbandry
25:00 Heavy Plow
SaroTeff
6:23 Loom
9:20 Feudal Age
9:51 Double-Bit Axe
9:54 Horse Collar
20:54 Castle Age
19:38 Bloodlines
20:07 Scale Barding Armor
20:29 Forging
21:37 Wheelbarrow
21:51 Bow Saw
22:27 Husbandry
25:26 Thumb Ring
25:15 Fletching
25:26 Padded Archer Armor
25:25 Town Watch
25:41 Stone Mining
26:08 Bodkin Arrow
26:50 Gold Mining
27:48 Leather Archer Armor
27:45 Elite Skirmisher
29:10 Ballistics
Connection lost

Rejoining the realm…

Still unreachable

The connection could not be restored.

Session expired

The server has moved on; the page needs a fresh start.